 Dungeon Sprint DCSS version 0.21.2 (webtiles) character file.

5111 Fang the Severer (level 10, 0/72 HPs)
             Began as a Gargoyle Berserker on Jan 22, 2019.
             Was the Champion of Trog.
             Slain by a red devil
             ... wielding a +2 demon trident of electrocution
              (9 damage)
             ... in the Dungeon (Sprint VII: "The Pits") on Jan 23, 2019.
             The game lasted 00:04:58 (1571 turns).

Fang the Severer (Gargoyle Berserker)               Turns: 1571, Time: 00:04:59

Health: 0/72       AC: 24    Str: 26    XL:     10   Next: 57%
Magic:  3/3        EV: 11    Int:  9    God:    Trog [******]
Gold:   0          SH:  0    Dex: 12    Spells: 9/9 levels left

rFire    . . .     SeeInvis .   j - +1 executioner's axe (antimagic)
rCold    . . .     Gourm    .   (shield currently unavailable)
rNeg     + . .     Faith    .   w - +3 plate armour
rPois    ∞         Spirit   .   (no helmet)
rElec    +         Reflect  .   (no cloak)
rCorr    .         Harm     .   (no gloves)
MR       .....     NoTele   +   (no boots)
Stlth    ..........             (no amulet)
HPRegen  0.22/turn              q - +3 ring of strength
MPRegen  0.08/turn              r - +3 ring of dexterity

@: berserk cooldown, fainting, slowed, very slow
A: negative energy resistance 1, electricity resistance, unbreathing,
petrification resistance, rot immunity, AC +7
a: Berserk, Trog's Hand, Brothers in Arms, Burn Spellbooks, Renounce Religion


You were in the Dungeon.
You worshipped Trog.
Trog was exalted by your worship.
You were fainting.

You visited 1 branch

Inventory:

Hand Weapons
 j - a +1 antimagic executioner's axe (weapon)
 m - a +0 hand axe of freezing
 v - a +1 broad axe of chopping
Armour
 w - a +3 plate armour (worn)
Jewellery
 q - a +3 ring of strength (left hand)
 r - a +3 ring of dexterity (right hand)
Scrolls
 i - a scroll of blinking
 k - 3 scrolls of remove curse
 l - a scroll of summoning
Potions
 a - 2 potions of invisibility
 d - 6 potions of curing
 e - 10 potions of heal wounds
 f - a potion of haste
 g - 4 potions of magic
 h - 4 potions of berserk rage
 s - a potion of agility
 t - 2 potions of resistance
 u - a potion of might
Comestibles
 c - 9 rations


   Skills:
 + Level 12.5 Fighting
 + Level 16.1 Axes
 + Level 10.0 Armour
 + Level 7.0 Dodging
 + Level 4.0 Stealth


You had 9 spell levels left.
You didn't know any spells.

Dungeon Overview and Level Annotations

Branches:
Dungeon (1/1)

Altars:


Innate Abilities, Weirdness & Mutations

You are resistant to torment.
Your stone body is resilient. (AC +7)
You are immune to poison.
You resist negative energy. (rN+)
You are resistant to electric shocks. (rElec)
You can survive without breathing.
You are immune to petrification.
You are immune to rotting.


Message History

You completely miss the hungry ghost. The hungry ghost hits you.
You feel slightly more hungry.
The red devil hits you from afar with a demon trident of electrocution!
* * * LOW HITPOINT WARNING * * *
The hungry ghost hits you.
* * * LOW HITPOINT WARNING * * *
You feel slightly more hungry.
The red devil hits you but does no damage.
You barely miss the hungry ghost. The hungry ghost hits you.
You feel slightly more hungry.
The red devil hits you from afar with a demon trident of electrocution!
* * * LOW HITPOINT WARNING * * *
The hungry ghost barely misses you.
Unknown command.
You hit the hungry ghost.
The hungry ghost is lightly damaged.
The red devil completely misses you. The hungry ghost hits you.
You feel slightly more hungry.
The red devil hits you from afar with a demon trident of electrocution!
You die...

#......+..+
#.....##..## ..#
#...###....### ...
#..##........###.###
#''#[..#..#...#....#
#.)[).........'oRs.+
#''#...#..#...#oH4o
#..##........###W##
#...###....###..@.#
#.....##..##.....##
##.....'..'†....##
###..)'..)...###
############


You could see a hippogriff, an efreet, a hungry ghost, a jumping spider, a red
devil, an orc warrior and an orc.

Vanquished Creatures
  An unseen horror (D)
  A lindwurm (D)
  A manticore (D)
  A deep elf mage (D)
  An ice devil (D)
  A hellwing (D)
  A blink frog (D)
  4 dream sheep (D)
  A flying skull (D)
  A redback (D)
  A tarantella (D)
  A fire bat (D)
  A soldier ant (D)
  2 orc warriors (D)
  A porcupine (D)
  2 ogres (D)
  A centaur (D)
  A quasit (D)
  An orc wizard (D)
  2 orc priests (D)
  A worker ant (D)
  2 mummies (D)
  An adder (D)
  2 ufetubi (D)
  An adder zombie (D)
  2 leopard geckos (D)
  4 orcs (D)
  2 giant cockroaches (D)
  A goblin (D)
  A kobold (D)
  2 rats (D)
45 creatures vanquished.

Vanquished Creatures (collateral kills)
  An orc knight (D)
  A polar bear (D)
  2 dream sheep (D)
  An orc warrior (D)
  An orc (D)
6 creatures vanquished.

Grand Total: 51 creatures vanquished

Notes
Turn   | Place    | Note
-------+----------+-------------------------------------------
     0 | D        | Fang the Gargoyle Berserker began the quest for the Orb.
     0 | D        | Reached XP level 1. HP: 14/14 MP: 1/1
    17 | D        | Reached skill level 3 in Axes
   142 | D        | Reached XP level 2. HP: 17/20 MP: 2/2
   145 | D        | Reached ** piety under Trog
   200 | D        | Reached skill level 4 in Axes
   200 | D        | Reached *** piety under Trog
   204 | D        | Reached skill level 5 in Fighting
   204 | D        | Reached XP level 3. HP: 21/26 MP: 3/3
   328 | D        | Noticed an orc warrior
   329 | D        | Noticed an ogre
   330 | D        | Noticed a fire bat
   336 | D        | Killed an ogre
   336 | D        | Reached **** piety under Trog
   336 | D        | Reached skill level 6 in Axes
   336 | D        | Reached XP level 4. HP: 30/32 MP: 4/4
   336 | D        | Reached XP level 5. HP: 35/37 MP: 5/5
   342 | D        | Killed an orc warrior
   342 | D        | Reached skill level 7 in Axes
   342 | D        | Reached XP level 6. HP: 36/44 MP: 6/6
   346 | D        | Reached ***** piety under Trog
   346 | D        | Reached skill level 8 in Axes
   349 | D        | Killed a fire bat
   349 | D        | Reached skill level 9 in Axes
   349 | D        | Reached skill level 5 in Armour
   349 | D        | Reached skill level 1 in Stealth
   562 | D        | Noticed a blink frog
   571 | D        | Killed a blink frog
   571 | D        | Reached skill level 10 in Axes
   571 | D        | Reached skill level 5 in Dodging
   571 | D        | Reached XP level 7. HP: 51/51 MP: 7/7
   576 | D        | Noticed a flying skull
   598 | D        | Killed a flying skull
   606 | D        | Reached XP level 8. HP: 50/57 MP: 8/8
   608 | D        | Reached skill level 11 in Axes
   645 | D        | Noticed a lindwurm
   645 | D        | Noticed a tarantella
   650 | D        | Killed a tarantella
   650 | D        | Received a gift from Trog
   650 | D        | Reached skill level 10 in Fighting
   659 | D        | Killed a lindwurm
   659 | D        | Reached skill level 12 in Axes
   970 | D        | Noticed a dream sheep
   970 | D        | Noticed an orc knight
   971 | D        | Noticed a dream sheep
   971 | D        | Noticed a polar bear
   972 | D        | Noticed a dream sheep
   972 | D        | Noticed a dream sheep
   973 | D        | Noticed a dream sheep
   973 | D        | Noticed a dream sheep
   974 | D        | Killed a dream sheep
   974 | D        | Reached XP level 9. HP: 63/63 MP: 3/9
   976 | D        | Noticed a hellwing
   976 | D        | Noticed an ice devil
   980 | D        | Killed an orc knight
   980 | D        | Reached skill level 13 in Axes
   982 | D        | Killed a polar bear
   982 | D        | Received a gift from Trog
   983 | D        | Reached ****** piety under Trog
   987 | D        | Reached skill level 14 in Axes
   999 | D        | Killed an ice devil
  1002 | D        | Received a gift from Trog
  1010 | D        | Reached XP level 10. HP: 26/71 MP: 3/10
  1243 | D        | Noticed a manticore
  1243 | D        | Noticed a deep elf mage
  1248 | D        | Killed a manticore
  1248 | D        | Reached skill level 15 in Axes
  1251 | D        | Killed a deep elf mage
  1536 | D        | Received a gift from Trog
  1545 | D        | Killed an unseen horror
  1545 | D        | Reached skill level 16 in Axes
  1545 | D        | Reached skill level 10 in Armour
  1571 | D        | Slain by a red devil

Skill      XL: |  1  2  3  4  5  6  7  8  9 10 |
---------------+-------------------------------+-----
Fighting       | 4 5 6 8 9 10 11 12 | 12.5
Axes           | 3 4 6 7 10 12 14 16 | 16.1
Dodging        | 2 3 4 5 6 7 |  7.0
Armour         | 3 4 6 8 9 10 | 10.0
Stealth        | 1 3 4 |  4.0

Action                   |  1- 3 |  4- 6 |  7- 9 | 10-12 || total
-------------------------+-------+-------+-------+-------++-------
Melee: Hand axe          |    33 |    29 |    45 |       ||   107
       Broad axe         |       |       |    32 |     9 ||    41
       Executioner's axe |       |       |       |    24 ||    24
Invok: Berserk           |     2 |       |     2 |     2 ||     6
       Brothers in Arms  |       |       |     1 |       ||     1
 Stab: Distracted        |       |       |     1 |       ||     1
  Eat: Chunk             |       |     1 |     3 |     3 ||     7
Armor: Animal skin       |    15 |       |       |       ||    15
       Chain mail        |     3 |    13 |    20 |       ||    36
       Plate armour      |       |       |    42 |    36 ||    78
Dodge: Dodged            |    26 |    16 |    49 |    21 ||   112
